 Dungeon Crawl Stone Soup version 0.31.0-11-ge490571c62 (webtiles) character file.

Game seed: 1435082833471732581

2195 SnakkuSnakku7 the Fighter (level 9, -4/78 HPs)
             Began as a Mummy Alchemist on Jan 27, 2024.
             Was a Believer of Okawaru.
             Slain by TheBioAlchemist's ghost (11 damage)
             ... on level 8 of the Dungeon.
             The game lasted 00:06:53 (4588 turns).

SnakkuSnakku7 the Fighter (Mummy Alchemist)         Turns: 4588, Time: 00:06:54

Health: -4/78      AC:  7    Str: 15    XL:     9   Next: 12%
Magic:  13/13      EV:  9    Int: 14    God:    Okawaru [**....]
Gold:   520        SH:  0    Dex: 13    Spells: 12/13 levels left

rFire   . . .        s - +7 rapier "Awnyat" {venom, rPois rF+}
rCold   + . .        (no shield)
rNeg    + + +        g - +0 scale mail
rPois   ∞            (no helmet)
rElec   .            i - +0 cloak
rCorr   .            (no gloves)
SInv    +            (no boots)
Will    +....        d - amulet of regeneration Stlth
                     c - ring of see invisible
HPRegen 1.13/turn    (no ring)
MPRegen 0.13/turn

%: faith
@: no status effects
A: cold resistance 1, negative energy resistance 3, torment resistance 2, heat
vulnerability 1, in touch with death 1, no potions, faith
a: Renounce Religion, Heroism


You were on level 8 of the Dungeon.
You worshipped Okawaru.
Okawaru was pleased with you.
You visited 2 branches of the dungeon, and saw 9 of its levels.

You collected 520 gold pieces.

Inventory:

Hand Weapons
 a - a +0 hand axe
 b - a +1 flail of protection
 f - a +0 dagger
 k - a +0 short sword
 s - the +7 rapier "Awnyat" (weapon) {venom, rPois rF+}
   (You found it on level 3 of the Dungeon)

   rF+:       It protects you from fire.
   rPois:     It protects you from poison
Armour
 e - a +0 ring mail
 g - a +0 scale mail (worn)
 i - a +0 cloak (worn)
 l - a +0 robe
Jewellery
 c - a ring of see invisible (left hand)
 d - an amulet of regeneration (around neck)
 z - a ring of resist corrosion
Wands
 r - a wand of mindburst (11)
 v - a wand of flame (20)
 y - a wand of polymorph (11)
Scrolls
 h - 3 scrolls of teleportation
 j - 2 scrolls of blinking
 m - 2 scrolls of immolation
 n - a scroll of revelation
 o - 2 scrolls of silence
 p - a scroll of amnesia
 q - a scroll of enchant weapon
 t - a scroll of poison
 u - 3 scrolls of fog
 w - 3 scrolls of noise
 x - a scroll of fear {unknown}


   Skills:
 - Level 10.0 Fighting
 - Level 2.1 Axes
 - Level 1.5 Dodging
 - Level 1.5 Stealth
 - Level 2.6 Spellcasting
 - Level 0.7 Conjurations
 - Level 2.4 Alchemy
 + Level 5.4 Invocations


You had 12 spell levels left.
You knew the following spells:

 Your Spells              Type           Power      Damage    Failure   Level
a - Sting                 Conj/Alch      24%        1d4       45%         1

Your spell library contained the following spells:

 Spells                   Type           Power      Damage    Failure   Level
 Mercury Vapours          Alch/Air       10%        N/A       65%         2
 Ensorcelled Hibernation  Hex/Ice        2%         N/A       80%         2
 Mephitic Cloud           Conj/Alch/Air  4%         N/A       88%         3
 Passwall                 Erth           1%         N/A       95%         3
 Sigil of Binding         Hex            1%         N/A       95%         3
 Swiftness                Air            1%         N/A       95%         3
 Olgreb's Toxic Radiance  Alch           8%         N/A       98%         4
 Sticky Flame             Fire/Alch      5%         2d4       99%         4
 Dimensional Bullseye     Hex/Tloc       0%         N/A       100%        4
 Passage of Golubria      Tloc           1%         N/A       100%        4
 Silence                  Hex/Air        0%         N/A       100%        5
 Lehudib's Crystal Spear  Conj/Erth      1%         10d2      100%        8
 Call Canine Familiar     Summ           Unusable   N/A       N/A         3

Dungeon Overview and Level Annotations

Branches:
Dungeon (8/15)             Temple (1/1) D:6
   Lair: D:8-11

Altars:
Ashenzari
Cheibriados
Dithmenos
Fedhas
Gozag
Hepliaklqana
Kikubaaqudgha
Makhleb
Nemelex Xobeh
Okawaru
Qazlal
Ru
Sif Muna
Uskayaw
Vehumet
Wu Jian
Xom
Yredelemnul

Shops:
D:4 =   D:5 :

Annotations:
D:7 3 runed translucent doors, Daunt's ghost, novice GnEE
D:8 TheBioAlchemist's ghost, novice OpSh


Innate Abilities, Weirdness & Mutations

You are immune to poison.
Your flesh is cold resistant. (rC+)
You are immune to negative energy. (rN+++)
You are immune to unholy pain and torment.
You are vulnerable to heat. (rF-)
You are in touch with the powers of death.
You do not drink.
You have a special connection with the divine. (Faith)


Message History

The centaur zombie hits you but does no damage.
The centaur zombie barely misses you. The centaur zombie hits you.
The centaur zombie barely misses you. TheBioAlchemist's ghost hits you.
You are too injured to fight recklessly!
You are too injured to fight recklessly!
You are too injured to fight recklessly!
The centaur zombie hits you but does no damage.
The centaur zombie kicks you but does no damage.
You puncture the centaur zombie!
The centaur zombie is moderately damaged.
The centaur zombie hits you but does no damage.
The centaur zombie kicks you but does no damage.
You hit the centaur zombie.
The centaur zombie is moderately damaged.
The centaur zombie hits you. The centaur zombie closely misses you.
You closely miss TheBioAlchemist's ghost.
TheBioAlchemist's ghost is lightly damaged.
You closely miss TheBioAlchemist's ghost.
TheBioAlchemist's ghost is lightly damaged.
TheBioAlchemist's ghost hits you! TheBioAlchemist's ghost hits you.
You hit TheBioAlchemist's ghost.
TheBioAlchemist's ghost is moderately damaged.
TheBioAlchemist's ghost closely misses you.
You hit TheBioAlchemist's ghost.
TheBioAlchemist's ghost is moderately damaged.
TheBioAlchemist's ghost hits you!
* * * LOW HITPOINT WARNING * * *
You puncture TheBioAlchemist's ghost!
TheBioAlchemist's ghost is heavily damaged.
TheBioAlchemist's ghost hits you but does no damage.
You hit TheBioAlchemist's ghost.
TheBioAlchemist's ghost is heavily damaged.
TheBioAlchemist's ghost hits you!
* * * LOW HITPOINT WARNING * * *
You miss TheBioAlchemist's ghost.
TheBioAlchemist's ghost is heavily damaged.
TheBioAlchemist's ghost hits you!
* * * LOW HITPOINT WARNING * * *
TheBioAlchemist's ghost hits you!
You die...

+# ####.# ###....# ##.#.####
#....'.$# #._..'.$# #....'.(#
..... #.#####....##...####
#ZW@.##.#..##....... .......#
####.##..... .......
#......########'##.#..##+#.....
#..................#..#........
#.#....#.####.##...#..#........
##.............##...#..#..)..)..
................................
.##.#....#..##.......#.###.#.###.
.....#.)<#..##.......#.# #.#.###.


You could see TheBioAlchemist's ghost and a centaur zombie.

Vanquished Creatures
  Prince Ribbit (D:7)
  3 water moccasins
  3 ice beasts
  A black bear (D:7)
  An ogre (D:6)
  2 centaurs
  2 bullfrogs (D:8)
  3 howler monkeys (D:7)
  A bombardier beetle (D:5)
  2 hounds (D:4)
  A centaur zombie (D:8)
  2 gnoll boudas
  2 orc priests
  A sleepcap (D:6)
  7 iguanas
  5 orc wizards
  2 adders
  13 gnolls
  2 white imps
  2 ufetubi (D:5)
  2 dart slugs (D:1)
  2 ribbon worms
  14 orcs
  6 ball pythons
  3 bats
  2 endoplasms
  2 giant cockroaches
  7 goblins
  4 hobgoblins
  6 jackals (D:3)
  6 quokkas
  3 frilled lizards
  7 kobolds
  6 rats
126 creatures vanquished.

Notes
Turn   | Place    | Note
-------+----------+-------------------------------------------
     0 | D:1      | SnakkuSnakku7 the Mummy Alchemist began the quest for the
                  | Orb.
     0 | D:1      | Reached XP level 1. HP: 13/13 MP: 4/4
   110 | D:1      | Reached skill level 1 in Fighting
   278 | D:1      | Reached XP level 2. HP: 22/22 MP: 5/5
   388 | D:1      | Reached skill level 2 in Fighting
   814 | D:1      | Reached XP level 3. HP: 28/28 MP: 7/7
   824 | D:1      | Reached skill level 1 in Axes
  1509 | D:3      | Found a broken altar of Ashenzari.
  1584 | D:3      | Reached XP level 4. HP: 34/34 MP: 8/8
  1740 | D:3      | Identified the +7 rapier "Awnyat" {venom, rPois rF+}
  2039 | D:4      | Found Goinuh's Jewellery Shop.
  2083 | D:4      | Reached skill level 3 in Fighting
  2139 | D:4      | Reached XP level 5. HP: 39/42 MP: 9/9
  2247 | D:4      | Found a snail-covered altar of Cheibriados.
  2339 | D:4      | Reached skill level 4 in Fighting
  2721 | D:5      | Entered Level 5 of the Dungeon
  2729 | D:4      | Reached skill level 5 in Fighting
  2777 | D:5      | Reached XP level 6. HP: 43/51 MP: 10/10
  2808 | D:5      | Noticed a water moccasin
  2813 | D:5      | Killed a water moccasin
  2817 | D:5      | Found Juggein's Tiny Tomes.
  2855 | D:5      | Noticed an ice beast
  2857 | D:5      | Noticed an ice beast
  2881 | D:5      | Killed an ice beast
  2882 | D:5      | Reached skill level 6 in Fighting
  2887 | D:5      | Killed an ice beast
  2888 | D:5      | Reached XP level 7. HP: 58/59 MP: 11/11
  2892 | D:5      | Found a blossoming altar of Fedhas.
  2972 | D:5      | Reached skill level 7 in Fighting
  3323 | D:6      | Reached skill level 8 in Fighting
  3459 | D:6      | Found a sacrificial altar of Ru.
  3495 | D:6      | Reached XP level 8. HP: 55/69 MP: 12/12
  3515 | D:6      | Reached skill level 9 in Fighting
  3665 | D:6      | Found a staircase to the Ecumenical Temple.
  3672 | Temple   | Entered the Ecumenical Temple
  3677 | Temple   | Became a worshipper of Warmaster Okawaru
  4058 | D:7      | Reached skill level 10 in Fighting
  4064 | D:7      | Reached skill level 1 in Invocations
  4122 | D:7      | Reached * piety under Okawaru
  4160 | D:7      | Noticed Prince Ribbit
  4169 | D:7      | Killed Prince Ribbit
  4321 | D:7      | Found a hazy altar of Hepliaklqana.
  4386 | D:7      | Found a runed translucent gate.
  4387 | D:7      | Found a runed translucent gate.
  4388 | D:7      | Found a runed translucent gate.
  4388 | D:7      | Noticed Daunt's ghost (novice GnEE)
  4389 | D:7      | Noticed a kobold demonologist
  4455 | D:8      | Reached ** piety under Okawaru
  4462 | D:8      | Reached XP level 9. HP: 78/78 MP: 13/13
  4519 | D:8      | Reached skill level 5 in Invocations
  4548 | D:8      | Found a runed translucent gate.
  4548 | D:8      | Found a runed translucent gate.
  4548 | D:8      | Found a runed translucent gate.
  4548 | D:8      | Noticed TheBioAlchemist's ghost (novice OpSh)
  4550 | D:8      | Found a basalt altar of Yredelemnul.
  4588 | D:8      | Slain by TheBioAlchemist's ghost

Illustrated notes

Levels and vault maps discovered:
D:1:      saegor_arrival_simple_e, layout_loops_cross, minmay_pentomino_q4
D:2:      minmay_door_path, layout_loops_cross, kennysheep_generic_room_10
D:3:      layout_rooms, mainiacjoe_overflow_boulevard, hex_medium,
          kennysheep_big_empty_room
D:4:      layout_basic, cheibrodos_worm_habitat, nicolae_stop_n_shop_1
D:5:      layout_gridville, kennysheep_mini, fountainhead,
          nicolae_shop_i_like_small_books_too
D:6:      layout_basic, nicolae_ru_the_path_less_chosen,
          minmay_temple_entry_junction
D:7:      layout_rooms, worldfamousw_hep_ancestral_shrine,
          gammafunk_ghost_nasty_kobolds, uniq_prince_ribbit1
D:8:      layout_basic, nicolae_yredelemnul_ghost_church
Temple:   minmay_freezing_vapour_temple

Skill      XL: |  1  2  3  4  5  6  7  8  9 |
---------------+----------------------------+-----
Fighting       | 1 2 3 5 6 8 10 | 10.0
Axes           | 1 2 |  2.1
Invocations    | 4 5 |  5.4
Dodging        | |  1.5
Stealth        | |  1.5
Spellcasting   | |  2.6
Conjurations   | |  0.7
Alchemy        | |  2.4

Action                     |  1- 3 |  4- 6 |  7- 9 || total
---------------------------+-------+-------+-------++-------
  Melee: Unarmed           |    11 |       |       ||    11
         Dagger            |    34 |       |       ||    34
         Short sword       |    16 |       |       ||    16
         Hand axe          |    61 |    25 |       ||    86
         Rapier            |       |    99 |   191 ||   290
         Punch             |       |       |     1 ||     1
   Cast: Sting             |     7 |       |       ||     7
    Use: Scroll            |       |     4 |     7 ||    11
 Armour: Robe              |     8 |       |       ||     8
         Ring mail         |    14 |       |       ||    14
         Scale mail        |    69 |   123 |   213 ||   405
  Dodge: Dodged            |    62 |   101 |   107 ||   270
